 Dungeon Crawl Stone Soup version 0.22-a0-398-g8bb545f (webtiles) character file.

522 galech the Protected (level 7, -2/52 HPs)
             Began as a Gnoll Wanderer on May 4, 2018.
             Slain by a wraith (8 damage)
             ... in an ossuary.
             The game lasted 00:06:23 (3800 turns).

galech the Protected (Gnoll Wanderer)               Turns: 3800, Time: 00:06:24

Health: -2/52      AC: 17    Str: 19    XL:     7   Next: 22%
Magic:  10/10      EV:  9    Int: 12    God:
Gold:   129        SH:  0    Dex: 14    Spells: 10/10 levels left

rFire    + . .     SeeInvis .   n - +4 whip (venom)
rCold    + . .     Gourm    .   (no shield)
rNeg     . . .     Faith    .   t - +3 chain mail {rF+}
rPois    .         Spirit   .   (no helmet)
rElec    .         Reflect  .   (no cloak)
rCorr    .         Harm     .   (no gloves)
MR       .....                  (no boots)
Stlth    ..........             (no amulet)
HPRegen  0.17/turn              k - ring of protection from cold
MPRegen  0.12/turn              p - +3 ring of protection

@: slowed, very slow
A: distributed training, fangs 1, strong nose
a: no special abilities


You were in an ossuary.
You were not hungry.

You visited 1 branch of the dungeon, and saw 5 of its levels.
You also visited: Ossuary.

You collected 129 gold pieces.

Inventory:

Hand Weapons
 d - a +0 club
 n - a +4 whip of venom (weapon)
 x - a +2 hand crossbow of flaming
Armour
 t - a +3 chain mail of fire resistance (worn)
Jewellery
 k - a ring of protection from cold (left hand)
 p - a +3 ring of protection (right hand)
Scrolls
 c - 2 scrolls of teleportation
 h - 3 scrolls of magic mapping {unknown}
 l - a scroll of noise {unknown}
 o - a scroll of immolation {unknown}
 q - a scroll of remove curse {unknown}
 s - a scroll of enchant armour {unknown}
 v - a scroll of enchant weapon {unknown}
 w - 3 scrolls of blinking {unknown}
 y - a scroll of identify {unknown}
Potions
 a - a potion of resistance {unknown}
 b - 3 potions of curing
 e - a potion of mutation {unknown}
 g - a potion of cancellation {unknown}
 i - a potion of heal wounds {unknown}
 j - a potion of haste {unknown}
 m - a potion of lignification {unknown}
 r - a potion of might {unknown}
 u - 3 potions of flight {unknown}
 z - a potion of degeneration {unknown}
 A - a potion of agility {unknown}
Comestibles
 f - 2 rations


   Skills:
 + Level 3.5 Fighting
 + Level 2.3 Short Blades
 + Level 2.3 Long Blades
 + Level 3.5 Axes
 + Level 5.1 Maces & Flails
 + Level 2.3 Polearms
 + Level 2.3 Staves
 + Level 2.3 Slings
 + Level 2.3 Bows
 + Level 2.3 Crossbows
 + Level 3.5 Throwing
 + Level 8.8 Armour
 + Level 2.3 Dodging
 + Level 2.3 Stealth
 + Level 2.3 Shields
 + Level 2.3 Unarmed Combat
 + Level 2.3 Spellcasting
 + Level 1.8 Conjurations
 + Level 1.8 Hexes
 + Level 1.8 Charms
 + Level 1.8 Summonings
 + Level 1.8 Necromancy
 + Level 1.8 Translocations
 + Level 1.8 Transmutations
 + Level 1.8 Fire Magic
 + Level 1.8 Ice Magic
 + Level 1.8 Air Magic
 + Level 1.8 Earth Magic
 + Level 1.8 Poison Magic
 + Level 2.5 Invocations
 + Level 3.5 Evocations


You had 10 spell levels left.
You didn't know any spells.

Dungeon Overview and Level Annotations

Branches:
Dungeon (5/15)
 Temple: D:4-7

Altars:
Cheibriados
Ru


Innate Abilities, Weirdness & Mutations

Your experience applies equally to all skills.
You have very sharp teeth.
Your uncanny sense of smell can sniff out nearby items.


Message History

The wraith hits you but does no damage.
You hit the wraith.
The wraith is almost destroyed.
The wraith hits you.
* * * LOW HITPOINT WARNING * * *
The wraith drains your vigour!
You feel as though you will be slow longer.
You closely miss the wraith. You bite the wraith.
The wraith is almost destroyed.
The wraith misses you. The wraith hits you but does no damage.
You barely miss the wraith. You bite the wraith, but do no damage.
The wraith is almost destroyed.
The wraith hits you but does no damage.
Your chain mail prevents you from hitting the wraith.
The wraith is almost destroyed.
The wraith hits you but does no damage.
You hit the wraith. You bite the wraith, but do no damage.
The wraith is almost destroyed.
The wraith hits you!
You die...

## .. ..##
..##### ..##
.##...##...## .
##.?!!.##...# ..
#.??!?!.W...+
...##.???.##@..#
#...##...##...##
. #...#####...##
... #.........##
....#####'#####.
.................
.................
########'''######
####...#


You could see a wraith.

Vanquished Creatures
  A phantom (D:4)
  An ogre (D:4)
  A wyvern skeleton (D:3)
  An orc wizard (D:3)
  Terence (D:3)
  An iguana (D:4)
  Natasha (thrice) (D:3)
  A worker ant (D:4)
  A mummy (Ossuary)
  3 adders
  An adder skeleton (D:4)
  A worm (D:2)
  3 dart slugs (D:2)
  5 orcs
  2 ball pythons (D:3)
  6 bats
  3 giant cockroaches
  5 goblins
  6 hobgoblins
  2 jackals (D:3)
  A quokka (D:3)
  3 frilled lizards
  4 gnoll skeletons (Ossuary)
  8 kobolds
  2 kobold skeletons (Ossuary)
  3 orc skeletons (Ossuary)
  9 rats
78 creatures vanquished.

Notes
Turn   | Place    | Note
-------+----------+-------------------------------------------
     0 | D:1      | galech the Gnoll Wanderer began the quest for the Orb.
     0 | D:1      | galech set off with: a +2 scale mail, a potion of curing, a scroll of teleportation, a +0 club, a ration
     0 | D:1      | Reached XP level 1. HP: 17/17 MP: 2/2
   816 | D:2      | Reached XP level 2. HP: 23/23 MP: 3/3
  1249 | D:2      | Reached XP level 3. HP: 28/28 MP: 4/4
  1496 | D:2      | Reached skill level 1 in Invocations
  1823 | D:3      | Noticed Natasha
  1831 | D:3      | Killed Natasha
  1831 | D:3      | Reached skill level 1 in Short Blades
  1831 | D:3      | Reached skill level 1 in Long Blades
  1831 | D:3      | Reached skill level 1 in Polearms
  1831 | D:3      | Reached skill level 1 in Staves
  1831 | D:3      | Reached skill level 1 in Slings
  1831 | D:3      | Reached skill level 1 in Bows
  1831 | D:3      | Reached skill level 1 in Crossbows
  1831 | D:3      | Reached skill level 1 in Dodging
  1831 | D:3      | Reached skill level 1 in Stealth
  1831 | D:3      | Reached skill level 1 in Shields
  1831 | D:3      | Reached skill level 1 in Unarmed Combat
  1831 | D:3      | Reached skill level 1 in Spellcasting
  1831 | D:3      | Reached XP level 4. HP: 30/34 MP: 4/6
  1837 | D:3      | Noticed Terence
  1846 | D:3      | Killed Terence
  1846 | D:3      | Reached skill level 1 in Conjurations
  1846 | D:3      | Reached skill level 1 in Hexes
  1846 | D:3      | Reached skill level 1 in Charms
  1846 | D:3      | Reached skill level 1 in Summonings
  1846 | D:3      | Reached skill level 1 in Necromancy
  1846 | D:3      | Reached skill level 1 in Translocations
  1846 | D:3      | Reached skill level 1 in Transmutations
  1846 | D:3      | Reached skill level 1 in Fire Magic
  1846 | D:3      | Reached skill level 1 in Ice Magic
  1846 | D:3      | Reached skill level 1 in Air Magic
  1846 | D:3      | Reached skill level 1 in Earth Magic
  1846 | D:3      | Reached skill level 1 in Poison Magic
  1882 | D:3      | Noticed Natasha
  1886 | D:3      | Killed Natasha
  1886 | D:3      | Reached XP level 5. HP: 30/40 MP: 7/7
  1899 | D:3      | Noticed Natasha
  1902 | D:3      | Killed Natasha
  2026 | D:3      | Reached XP level 6. HP: 43/47 MP: 8/8
  2334 | D:3      | Found a sacrificial altar of Ru.
  2346 | D:3      | Found a snail-covered altar of Cheibriados.
  2612 | D:4      | Reached skill level 5 in Maces & Flails
  3014 | D:4      | Got a crude whip
  3015 | D:4      | Identified the +2 whip of the Scorpion {slash, Fragile MR+ Int+2} (You found it on level 4 of the Dungeon)
  3105 | D:4      | Noticed a phantom
  3163 | D:4      | Killed a phantom
  3163 | D:4      | Reached XP level 7. HP: 42/52 MP: 10/10
  3603 | D:5      | Entered Level 5 of the Dungeon
  3636 | D:5      | Found a sand-covered staircase.
  3645 | Ossuary  | Entered an ossuary
  3645 | Ossuary  | Noticed a wraith
  3645 | Ossuary  | Noticed a wraith
  3645 | Ossuary  | Noticed a wraith
  3740 | Ossuary  | Noticed a wraith
  3800 | Ossuary  | Slain by a wraith

Vault maps used:
D:1:      minmay_arrival_jagged, kennysheep_another_room
D:3:      amethyst_overflow_temple_binary, uniq_terence, uniq_natasha
D:4:      kennysheep_cluttered_room
D:5:      first_ration, enter_ossuary_1
Ossuary:  ossuary_due_mausoleum

Skill      XL: |  1  2  3  4  5  6 |
---------------+-------------------+-----
Invocations    | 1 2 |  2.5
Short Blades   | 1 2 |  2.3
Long Blades    | 1 2 |  2.3
Polearms       | 1 2 |  2.3
Staves         | 1 2 |  2.3
Slings         | 1 2 |  2.3
Bows           | 1 2 |  2.3
Crossbows      | 1 2 |  2.3
Dodging        | 1 2 |  2.3
Stealth        | 1 2 |  2.3
Shields        | 1 2 |  2.3
Unarmed Combat | 1 2 |  2.3
Spellcasting   | 1 2 |  2.3
Conjurations   | 1 |  1.8
Hexes          | 1 |  1.8
Charms         | 1 |  1.8
Summonings     | 1 |  1.8
Necromancy     | 1 |  1.8
Translocations | 1 |  1.8
Transmutations | 1 |  1.8
Fire Magic     | 1 |  1.8
Ice Magic      | 1 |  1.8
Air Magic      | 1 |  1.8
Earth Magic    | 1 |  1.8
Poison Magic   | 1 |  1.8
Fighting       | 3 |  3.5
Axes           | 3 |  3.5
Throwing       | 3 |  3.5
Evocations     | 3 |  3.5
Maces & Flails | 5 |  5.1
Armour         | |  8.8

Action                   |  1- 3 |  4- 6 |  7- 9 || total
-------------------------+-------+-------+-------++-------
Melee: Club              |    46 |       |       ||    46
       Bite              |    10 |    11 |    17 ||    38
       Whip              |    47 |   117 |    86 ||   250
  Use: Potion            |     2 |       |       ||     2
  Eat: Chunk             |     3 |     3 |       ||     6
       Ration            |       |       |     1 ||     1
Armor: Scale mail        |    57 |     7 |       ||    64
       Chain mail        |       |    41 |    52 ||    93
Dodge: Dodged            |    37 |    23 |    53 ||   113

Table legend:
 A = Spawn XP
 B = Non-spawn XP
 C = Spawn XP percentage of total XP
 D = Spawn monster count
 E = Non-spawn monster count
 F = Spawn count percentage of total count
 G = Total turns spent on level
                    A         B        C        D         E        F      G
               +---------+---------+-------+---------+---------+-------+---------
         Total |       0 |     747 |   0.0 |       0 |      78 |   0.0 |  3800
               +---------+---------+-------+---------+---------+-------+---------
           D:1 |       0 |       9 |   0.0 |       0 |       6 |   0.0 |   812
           D:2 |       0 |      62 |   0.0 |       0 |      25 |   0.0 |  1010
           D:3 |       0 |     326 |   0.0 |       0 |      31 |   0.0 |   704
           D:4 |       0 |     323 |   0.0 |       0 |       6 |   0.0 |  1077
       Ossuary |       0 |      27 |   0.0 |       0 |      10 |   0.0 |   155
               +---------+---------+-------+---------+---------+-------+---------
